 Dungeon Crawl Stone Soup version 0.31-a0-222-gefeffbb62a (webtiles) character file.

Game seed: 13063191619945200940

50 spardeous the Digger (level 3, 0/14 HPs)
             Began as a Felid Earth Elementalist on July 6, 2023.
             Succumbed to an adder's poison
             ... on level 3 of the Dungeon.
             The game lasted 00:02:02 (1210 turns).

spardeous the Digger (Felid Earth Elementalist)     Turns: 1210, Time: 00:02:02

Health: 0/14       AC:  1    Str:  4    XL:     3   Next: 55%
Magic:  12/16      EV: 17    Int: 18    God:
Gold:   119        SH:  0    Dex: 16    Spells: 5/6 levels left
                                        Lives:  0   Deaths: 0

rFire   . . .        (weapon unavailable)
rCold   . . .        (shield unavailable)
rNeg    . . .        (body armour unavailable)
rPois   .            (helmet unavailable)
rElec   .            (cloak unavailable)
rCorr   .            (gloves unavailable)
SInv    +            (boots unavailable)
Will    .....        (no amulet)
Stlth   ++           e - ring of magical power
HPRegen 0.22/turn    (no ring)
MPRegen 0.15/turn

%: no passive effects
@: lethally poisoned (0 -> -7), quick
A: very small, claws 1, fangs 3, see invisible, speed 1, shaggy fur 1, stealthy
paws, no weapons or thrown items, no armour, multi-lived
a: no special abilities


You were on level 3 of the Dungeon.
You visited 1 branch of the dungeon, and saw 3 of its levels.

You collected 119 gold pieces.

Inventory:

Jewellery
 e - a ring of magical power (left paw)
Scrolls
 b - a scroll of fear {unknown}
 c - 2 scrolls of identify {unknown}
Potions
 a - a potion of magic
 d - a potion of degeneration {unknown}
 f - a potion of attraction {unknown}


   Skills:
 + Level 3.0 Dodging
 - Level 2.6 Stealth
 - Level 2.0 Spellcasting
 - Level 1.1 Transmutations
 + Level 4.1 Earth Magic


You had 5 spell levels left.
You knew the following spells:

 Your Spells              Type           Power      Damage    Failure   Level
a - Sandblast             Erth           32%        2d9       3%          1

Your spell library contained the following spells:

 Spells                   Type           Power      Damage    Failure   Level
 Passwall                 Tmut/Erth      9%         N/A       10%         2
 Foxfire                  Conj/Fire      4%         2x1d4     19%         1
 Stone Arrow              Conj/Erth      18%        3d8       24%         3
 Petrify                  Tmut/Erth      11%        N/A       52%         4
 Fireball                 Conj/Fire      0%         3d3       99%         5
 Plasma Beam              Fire/Air       0%         2x1d10    100%        6
 Starburst                Conj/Fire      0%         6d3       100%        6


Dungeon Overview and Level Annotations

Branches:
Dungeon (3/15)

Altars:
Elyvilon

Shops:
D:2 *!


Innate Abilities, Weirdness & Mutations

You have sharp claws.
You have razor-sharp teeth.
You have supernaturally acute eyesight. (SInv)
You cover ground quickly. (Speed+)
You are covered in fur. (AC +1)
Your paws help you pounce on unaware monsters.
You are incapable of wielding weapons or throwing items.
You cannot wear armour.
You gain extra lives every three experience levels.


Message History

You kill the quokka!
Your Dodging skill increases to level 3!
Your magical contamination has completely faded away.
An adder comes into view.
Casting: Sandblast (safe; 3% risk of failure)
Confirm with . or Enter, or press ? or * to list all spells.
Aiming: Sandblast (safe; 3% risk of failure)
Press: ? - help, Shift-Dir - straight line, f - adder
Aim: an adder (asleep, 100% to hit)
The blast of sand hits the adder.
The adder is moderately wounded.
The adder hisses angrily.
Casting: Sandblast (safe; 3% risk of failure)
Confirm with . or Enter, or press ? or * to list all spells.
Aiming: Sandblast (safe; 3% risk of failure)
Press: ? - help, Shift-Dir - straight line, f/p - adder
Aim: an adder (moderately wounded, 70% to hit)
The blast of sand misses the adder.
The adder bites you.
You are poisoned.
The adder poisons you! The adder bites you.
You are lethally poisoned!
The adder poisons you!
Casting: Sandblast (safe; 3% risk of failure)
Confirm with . or Enter, or press ? or * to list all spells.
Aiming: Sandblast (safe; 3% risk of failure)
Press: ? - help, Shift-Dir - straight line, f/p - adder
Aim: an adder (moderately wounded, 70% to hit)
The blast of sand hits the adder.
The adder is moderately wounded.
* * * LOW HITPOINT WARNING * * *
You feel very sick. The adder closely misses you. The adder bites you.
* * * LOW HITPOINT WARNING * * *
Casting: Sandblast (safe; 3% risk of failure)
Confirm with . or Enter, or press ? or * to list all spells.
Aiming: Sandblast (safe; 3% risk of failure)
Press: ? - help, Shift-Dir - straight line, f/p - adder
Aim: an adder (moderately wounded, 70% to hit)
The blast of sand misses the adder.
You die...

########
#....... ###
######.######
#######.##
#............
#.....S..#
#.####.#####.
#@# ##.## #.#
###.###.#.###.#
#......###....#
#.#.###.#.#####
#.#.#
##.#########
#.#.#
#>.........
#.#.#
#..†......#
#.#.#
#.#######.#
#.#.# #.#
#####.##


You could see an adder.

Vanquished Creatures
  An adder (D:2)
  A worm (D:1)
  2 dart slugs
  3 orcs (D:3)
  2 ball pythons
  3 endoplasms
  2 giant cockroaches
  2 goblins (D:3)
  3 hobgoblins
  5 quokkas
  A bat (D:3)
  A frilled lizard (D:1)
  2 kobolds (D:1)
28 creatures vanquished.

Notes
Turn   | Place    | Note
-------+----------+-------------------------------------------
     0 | D:1      | spardeous the Felid Earth Elementalist began the quest for
                  | the Orb.
     0 | D:1      | Reached XP level 1. HP: 7/7 MP: 4/4
   122 | D:1      | Reached skill level 3 in Earth Magic
   218 | D:1      | Reached XP level 2. HP: 11/11 MP: 1/6
   594 | D:2      | Found Wanoerol's General Store.
   609 | D:2      | Found Sagileda's Distillery.
   656 | D:2      | Reached XP level 3. HP: 14/14 MP: 5/7
   759 | D:2      | Reached skill level 4 in Earth Magic
   900 | D:3      | Found a white marble altar of Elyvilon.
  1210 | D:3      | Succumbed to an adder's poison

Illustrated notes

Levels and vault maps discovered:
D:1:      evilmike_arrival_fibonacci_small, layout_basic, roderic_st_hans_cross,
          nicolae_wormholes
D:2:      layout_basic, basic_altar, serial_shops, nicolae_shop_hallway_stairs,
          shop
D:3:      layout_loops_ring, mainiacjoe_overflow_alcove_4,
          kennysheep_generic_room_3

Skill      XL: |  1  2  3 |
---------------+----------+-----
Earth Magic    | 3 4 |  4.1
Dodging        | 3 |  3.0
Stealth        | |  2.6
Spellcasting   | |  2.0
Transmutations | |  1.1

Action                     || total
---------------------------++-------
   Cast: Sandblast         ||    48
 Armour: Skin              ||     1
  Dodge: Dodged            ||     8

Table legend: (Time is in decaauts)
 A = Elapsed time spent in this place.
 B = Non-inter-level travel time spent in this place.
 C = Inter-level travel time spent in this place.
 D = Time resting spent in this place.
 E = Time spent auto-exploring this place.
 F = Levels seen in this place.
 G = Mean time per level.
                   A        B        C        D        E       F      G
               +--------+--------+--------+--------+--------+-----+--------+
         Total |   1101 |   1079 |     22 |     83 |    838 |   3 |  367.0 |
       Dungeon |   1101 |   1079 |     22 |     83 |    838 |   3 |  367.0 |
               +--------+--------+--------+--------+--------+-----+--------+

Top non-repeatable levels by time:
     D:1: 447 daAuts
     D:3: 364 daAuts
     D:2: 290 daAuts
